[Event "Titled Tuesday Blitz March 22 Late 2022"]
[White "Maksimovic, Bojan"]
[Black "Grischuk, Alexander"]
[WhiteFideId "14408120"]
[BlackFideId "4126025"]
[WhiteElo "2448"]
[BlackElo "2762"]
[Result "0-1"]
[Round "05"]
[TimeControl "180+1"]
[Date "2022.03.22"]
[WhiteClock "0:00:01"]
[BlackClock "0:00:07"]

1. e4 d5 2. exd5 Qxd5 3. Nc3 Qa5 4. d4 Nf6 5. Nf3 c6 6. Bc4 Bf5 7. Bd2 Nbd7 8. Nd5 Qd8 9. Nxf6+ Nxf6 10. h3 e6 11. O-O Bd6 12. Re1 O-O 13. c3 h6 14. Qe2 Qc7 15. Bb3 c5 16. Rad1 Rad8 17. Be3 Be4 18. Nd2 Bg6 19. Nc4 Bh2+ 20. Kh1 Nd5 21. dxc5 Nxe3 22. Qxe3 Bf4 23. Qf3 Rxd1 24. Rxd1 Bg5 25. Nd6 Rb8 26. Ne4 Be7 27. Qe3 Rd8 28. Rxd8+ Qxd8 29. Bc2 Qd5 30. b4 Qxa2 31. Bd3 Qd5 32. Kh2 b6 33. cxb6 axb6 34. g3 Qe5 35. Kg2 Kh8 36. Qf3 f5 37. Nd2 Qxc3 38. Nc4 Qd4 39. b5 Bc5 40. h4 Be8 41. Qe2 Bxb5 42. Ne5 Qd5+ 43. Kh2 Bxd3 44. Nxd3 Bd6 45. Qe3 b5 46. Qe2 b4 47. Qc2 b3 48. Qd1 Kh7 49. Nb2 Be5 50. Qb1 Qe4 51. Nd3 Bd4 52. Qxb3 Qe2 53. Qc4 Bxf2 54. Kh3 Qf1+ 0-1


[Site "https://www.chess.com"]

[Event "Titled Tuesday Blitz March 22 Late 2022"]
[White "Maltsevskaya, Aleksandra"]
[Black "Svane, Rasmus"]
[WhiteFideId "24174041"]
[BlackFideId "4657101"]
[WhiteElo "2241"]
[BlackElo "2645"]
[Result "0-1"]
[Round "05"]
[TimeControl "180+1"]
[Date "2022.03.22"]
[WhiteClock "0:00:03"]
[BlackClock "0:00:24"]

1. e4 c6 2. d4 d5 3. e5 Bf5 4. h4 h5 5. c4 e6 6. Nc3 Ne7 7. Nge2 Nd7 8. Ng3 Bg6 9. Bg5 Qb6 10. Rc1 Qxb2 11. Bd3 dxc4 12. Bxg6 Nxg6 13. O-O Bb4 14. Na4 Qxa2 15. Rb1 a5 16. Nxh5 Rxh5 17. Ra1 Qxa1 18. Qxa1 Nxh4 19. Bxh4 Rxh4 20. g3 Rh6 21. Rc1 b5 22. Nc3 Ke7 23. Ne4 Rah8 24. Kg2 Nb6 25. Rb1 Na4 26. Qa2 Rh2+ 27. Kf3 Rd8 28. Rd1 Nc3 29. Nxc3 Bxc3 30. Qa3+ Bb4 31. Qe3 Rh5 32. Kg4 g6 33. Qf4 Rf5 34. Qe3 c3 35. Qe4 Rd5 36. f4 Rh5 37. Kf3 Rh2 38. g4 c5 39. Kg3 Rd2 40. Rg1 R2xd4 41. Qh1 Rd3+ 42. Kh4 c2 43. Kg5 Rd1 44. Qh8 c1=Q 45. Qf6+ Ke8 46. Rxd1 Qxd1 47. Qh8+ Kd7 48. Qb8 Qd4 49. Qb7+ Ke8 50. Qc8+ 0-1


[Site "https://www.chess.com"]

[Event "Titled Tuesday Blitz March 22 Late 2022"]
[White "Martin Barcelo, Carles"]
[Black "Rastbod, Ali"]
[WhiteFideId "24561444"]
[BlackFideId "12567477"]
[WhiteElo "1875"]
[BlackElo "2200"]
[Result "1-0"]
[Round "05"]
[TimeControl "180+1"]
[Date "2022.03.22"]
[WhiteClock "0:00:07"]
[BlackClock "0:00:13"]

1. e4 e6 2. d4 d5 3. Bd3 dxe4 4. Bxe4 Nf6 5. Bf3 c5 6. Ne2 Nc6 7. Be3 cxd4 8. Nxd4 Ne5 9. Nc3 a6 10. Qe2 Nxf3+ 11. Qxf3 e5 12. Nb3 Bb4 13. Bc5 Bxc5 14. Nxc5 O-O 15. O-O Qc7 16. Nb3 Be6 17. Rfe1 Nd7 18. Rad1 Rad8 19. Rd2 Nf6 20. Rxd8 Rxd8 21. h3 b5 22. Rd1 Rxd1+ 23. Qxd1 h6 24. Qd3 Bc4 25. Qd2 a5 26. Nd1 a4 27. Nc1 Be6 28. a3 Ne4 29. Qe2 Qc6 30. Nd3 Bc4 31. Ne3 Bxd3 32. Qxd3 Nd6 33. Nd5 Kf8 34. Nb4 Qc5 35. Qf3 f5 36. Qa8+ Kf7 37. Qd8 Ne4 38. Qd7+ Kf6 39. Nd5+ Kg6 40. Ne7+ Kf6 41. Qxf5+ Kxe7 42. Qxe4 Kf6 43. g3 g5 44. Kg2 h5 45. Qf3+ Kg6 46. Qe4+ Kf6 47. g4 hxg4 48. hxg4 Qe7 49. Qf5+ Kg7 50. Qd3 Qb7+ 51. Qf3 Qe7 52. Qd5 Qe8 53. Kf3 Kf6 54. Ke4 Qg6+ 55. Ke3 Qxc2 56. Qxb5 Qc1+ 57. Kf3 Qd1+ 58. Qe2 Qd5+ 59. Kg3 e4 60. Kg2 e3+ 61. Qf3+ Qxf3+ 62. Kxf3 exf2 63. Kxf2 Ke5 64. Ke3 Kd5 65. Kd3 Ke5 66. b4 axb3 67. a4 b2 68. Kc2 b1=Q+ 69. Kxb1 Kf4 70. a5 Kxg4 71. a6 Kh3 72. a7 g4 73. a8=Q g3 74. Qh8+ Kg2 75. Kc2 Kf2 76. Qf6+ Ke1 77. Qe5+ Kf1 78. Qf4+ Kg2 79. Kd2 Kh1 80. Qh4+ Kg2 81. Ke2 Kg1 82. Qxg3+ Kh1 83. Qg4 1-0


[Site "https://www.chess.com"]

[Event "Titled Tuesday Blitz March 22 Late 2022"]
[White "Martin Duque, Jesus"]
[Black "Tsukerman, Julia"]
[WhiteFideId "2208954"]
[BlackFideId "2621649"]
[WhiteElo "2243"]
[BlackElo "2115"]
[Result "1-0"]
[Round "05"]
[TimeControl "180+1"]
[Date "2022.03.22"]
[WhiteClock "0:02:33"]
[BlackClock "0:02:06"]

1. Nf3 d5 2. b3 e6 3. Bb2 Nf6 4. g3 Be7 5. Bg2 O-O 6. O-O c5 7. e3 Nc6 8. Qe2 b6 9. Rd1 Bb7 10. d4 cxd4 11. Nxd4 Rc8 12. c4 Nxd4 13. Bxd4 Qc7 14. Nd2 dxc4 15. Nxc4 Bxg2 16. Kxg2 Qb7+ 17. Qf3 Qxf3+ 18. Kxf3 Nd5 19. Rac1 Rfd8 20. Ne5 Bf6 21. Nc6 Re8 22. Bxf6 gxf6 23. e4 1-0


[Site "https://www.chess.com"]

[Event "Titled Tuesday Blitz March 22 Late 2022"]
[White "Martinez Reyes, Pedro Ramon"]
[Black "Romero Ruscalleda, Josep"]
[WhiteFideId "3901807"]
[BlackFideId "2231859"]
[WhiteElo "2410"]
[BlackElo "2273"]
[Result "1-0"]
[Round "05"]
[TimeControl "180+1"]
[Date "2022.03.22"]
[WhiteClock "0:00:28"]
[BlackClock "0:00:10"]

1. g4 g6 2. Bg2 Bg7 3. h4 h5 4. g5 d6 5. d4 Nc6 6. d5 Ne5 7. Nc3 Bf5 8. e4 Bd7 9. Qe2 e6 10. dxe6 fxe6 11. Bd2 Ne7 12. f4 Ng4 13. Nh3 Nc6 14. Nf2 Nd4 15. Qf1 Nxc2+ 16. Kd1 Nxf2+ 17. Qxf2 Nxa1 18. Kc1 c5 19. Kb1 Nb3 20. axb3 Qb6 21. f5 Bd4 22. Qe2 Qxb3 23. f6 O-O-O 24. Rc1 e5 25. Rc2 Be6 26. Nd5 Kb8 27. Ba5 b6 28. Bc3 Bg4 29. Qd3 c4 30. Qd2 Bxc3 31. Rxc3 Qa4 32. Bf1 b5 33. Ne3 Be6 34. Ra3 c3 35. Qxc3 Qxe4+ 36. Nc2 Rc8 37. Qd2 Rxc2 38. Qxc2 Qe1+ 39. Qc1 Bf5+ 40. Bd3 Qxc1+ 41. Kxc1 Bxd3 42. Rxd3 Kc7 43. Rc3+ Kd7 44. Ra3 Ra8 45. b4 d5 46. Kd2 Ke6 47. Rc3 a6 48. Rc7 Kf5 49. Rg7 e4 50. Ke3 Rd8 51. Kd4 Re8 52. Re7 Rd8 53. Re5+ Kg4 54. Rxd5 Rxd5+ 55. Kxd5 e3 56. f7 e2 57. f8=Q e1=Q 58. Kc5 Qc3+ 59. Kb6 Qa1 60. Qf6 Kxh4 61. Qxa1 Kxg5 62. Kxa6 h4 63. Kxb5 Kh5 64. Qh1 g5 65. Kc4 g4 66. Kd3 h3 67. Ke2 Kh4 68. Kf2 g3+ 69. Kf3 g2 70. Qh2 Kg5 71. Kf2 Kg4 72. Qg3+ Kf5 73. Qxh3+ 1-0


[Site "https://www.chess.com"]

[Event "Titled Tuesday Blitz March 22 Late 2022"]
[White "Matinian, Nikita"]
[Black "Matlakov, Maxim"]
[WhiteFideId "24129100"]
[BlackFideId "4168003"]
[WhiteElo "2422"]
[BlackElo "2669"]
[Result "1-0"]
[Round "05"]
[TimeControl "180+1"]
[Date "2022.03.22"]
[WhiteClock "0:00:38"]
[BlackClock "0:00:44"]

1. e4 e5 2. Nf3 Nc6 3. Bb5 a6 4. Ba4 Nf6 5. d3 d6 6. c3 g6 7. O-O Bg7 8. Nbd2 O-O 9. Re1 Re8 10. Nf1 h6 11. b4 b5 12. Bb3 a5 13. Bd2 axb4 14. cxb4 Be6 15. Rc1 Qd7 16. Ne3 d5 17. Nxd5 Nxd5 18. exd5 Bxd5 19. Bxd5 Qxd5 20. Qb3 Qd6 21. Rc5 Rab8 22. Rec1 Rb6 23. Be3 Qe6 24. h4 Bf8 25. Qxe6 Rxe6 26. Rd5 Rb7 27. a3 Bd6 28. Rxc6 1-0


[Site "https://www.chess.com"]

[Event "Titled Tuesday Blitz March 22 Late 2022"]
[White "Melkumyan, Hrant"]
[Black "Fiol, Fabrice"]
[WhiteFideId "13302485"]
[BlackFideId "611670"]
[WhiteElo "2604"]
[BlackElo "2439"]
[Result "1-0"]
[Round "05"]
[TimeControl "180+1"]
[Date "2022.03.22"]
[WhiteClock "0:01:09"]
[BlackClock "0:00:34"]

1. c4 e5 2. g3 Nc6 3. Bg2 g6 4. Nc3 Bg7 5. e3 d6 6. Nge2 f5 7. d4 Nge7 8. dxe5 Nxe5 9. b3 O-O 10. Bb2 Rb8 11. O-O Be6 12. Nf4 Bf7 13. Qc2 g5 14. Nfd5 Nxd5 15. Nxd5 c6 16. Nc3 Bg6 17. f4 Ng4 18. Rae1 Re8 19. Qd2 h6 20. h3 Nf6 21. fxg5 hxg5 22. e4 Nxe4 23. Nxe4 Bxb2 24. Qxb2 fxe4 25. Rf6 Kh7 26. Ref1 Re5 27. c5 e3 28. cxd6 e2 29. Qxe5 exf1=Q+ 30. Bxf1 Qb6+ 31. Kh2 Rg8 32. d7 Rg7 33. Rxg6 Rxg6 34. Qe7+ Rg7 35. d8=Q Qf2+ 36. Bg2 Rxe7 37. Qxe7+ Kh6 38. Qxb7 g4 39. Qxc6+ Kg7 40. Qc3+ Kf8 41. Qb4+ Kg7 42. Qxg4+ Kf8 43. Qf3+ Qxf3 44. Bxf3 1-0


[Site "https://www.chess.com"]

[Event "Titled Tuesday Blitz March 22 Late 2022"]
[White "Mikhalsky, Vladimir"]
[Black "Zhukov, Maksim"]
[WhiteFideId "14144352"]
[BlackFideId "34181790"]
[WhiteElo "2301"]
[BlackElo "1978"]
[Result "1-0"]
[Round "05"]
[TimeControl "180+1"]
[Date "2022.03.22"]
[WhiteClock "0:00:37"]
[BlackClock "0:00:42"]

1. e4 d5 2. exd5 Nf6 3. Bb5+ Bd7 4. Bc4 Bg4 5. f3 Bc8 6. Nc3 Nbd7 7. Qe2 Nb6 8. Bb5+ Bd7 9. Nh3 Nbxd5 10. O-O c6 11. Bc4 Bxh3 12. gxh3 e6 13. Nxd5 Nxd5 14. d3 Bd6 15. Kh1 Qh4 16. Qg2 O-O-O 17. Bg5 Qh5 18. Bxd5 cxd5 19. Bxd8 Rxd8 20. f4 g6 21. Qg4 Qh6 22. c4 Bc7 23. Rac1 Kb8 24. c5 Qg7 25. Rc3 Qd4 26. Qf3 e5 27. Qf2 Qxf2 28. Rxf2 e4 29. dxe4 dxe4 30. f5 g5 31. Re3 Rd5 32. Rxe4 Bf4 33. Re8+ Kc7 34. Re7+ Kc6 35. Rxf7 h5 36. b4 a5 37. a3 axb4 38. axb4 Rd4 39. Rf6+ Kd5 40. Rb6 Ke5 41. f6 Rd7 42. Kg2 Kf5 43. Rd6 Rf7 44. b5 Ke4 45. Re6+ Kd5 46. Re7 Rxf6 47. Rxb7 Kxc5 48. Rc2+ Kb4 49. b6 Ka5 50. Ra2+ Kb5 51. Rb2+ Kc5 52. Rh7 Be5 53. Rb1 Rxb6 54. Rxb6 Kxb6 55. Rxh5 Bf4 56. Kf3 Bxh2 57. Rxg5 Kc6 58. Rg2 Be5 59. Rd2 1-0


[Site "https://www.chess.com"]

[Event "Titled Tuesday Blitz March 22 Late 2022"]
[White "Mirza, Diana"]
[Black "Shandrygin, Nikita"]
[WhiteFideId "2503999"]
[BlackFideId "24198668"]
[WhiteElo "1813"]
[BlackElo "2324"]
[Result "0-1"]
[Round "05"]
[TimeControl "180+1"]
[Date "2022.03.22"]
[WhiteClock "0:00:05"]
[BlackClock "0:00:39"]

1. e4 c5 2. c4 Nc6 3. Nc3 e6 4. g3 g6 5. Bg2 Bg7 6. Nge2 Nge7 7. d3 O-O 8. O-O d6 9. f4 f5 10. Be3 Nd4 11. Rc1 Rb8 12. b4 Nec6 13. b5 Ne7 14. a4 b6 15. a5 Bb7 16. a6 Ba8 17. Bxd4 cxd4 18. Nb1 e5 19. Nd2 Qd7 20. Nb3 fxe4 21. dxe4 Rf7 22. Qd3 Rbf8 23. Kh1 Bh6 24. Nbxd4 exd4 25. Nxd4 Bg7 26. Rce1 Qc8 27. Nf3 Rd8 28. Ng5 Rff8 29. Bh3 Nf5 30. Kg1 Qc5+ 31. Rf2 Bd4 32. exf5 Bxf2+ 33. Kf1 Bxe1 34. Kxe1 Rde8+ 35. Ne6 gxf5 36. Bxf5 Qxf5 37. Qxf5 Rxf5 38. Kd2 Rxe6 0-1


[Site "https://www.chess.com"]

[Event "Titled Tuesday Blitz March 22 Late 2022"]
[White "Msellek, Ilyass"]
[Black "Lin, Dachey"]
[WhiteFideId "675938"]
[BlackFideId "2029650"]
[WhiteElo "2219"]
[BlackElo "2313"]
[Result "0-1"]
[Round "05"]
[TimeControl "180+1"]
[Date "2022.03.22"]
[WhiteClock "0:00:05"]
[BlackClock "0:00:44"]

1. d4 g6 2. Bf4 Bg7 3. Qd2 c5 4. c3 cxd4 5. cxd4 Nc6 6. Nf3 Qb6 7. Nc3 Nf6 8. e4 O-O 9. e5 Ne8 10. d5 Nb4 11. a3 Na6 12. Be3 Qa5 13. h4 h5 14. Bh6 d6 15. Bxg7 Nxg7 16. Bd3 Bg4 17. e6 fxe6 18. Bxg6 Bf5 19. Qh6 Bxg6 20. Qxg6 Rf6 21. Qd3 Nc5 22. Qe2 Qa6 23. Qc2 Qd3 24. Qe2 exd5 25. Rd1 Qxe2+ 26. Kxe2 e6 27. Ng5 Raf8 28. f3 Nf5 29. b4 Ng3+ 30. Ke3 Nxh1 31. bxc5 Ng3 32. cxd6 Nf5+ 33. Kf4 Nxd6+ 34. Ke5 Nc4+ 35. Kd4 e5+ 36. Kxd5 Ne3+ 37. Kxe5 Nxd1 38. Nxd1 Rf5+ 39. Ke4 R5f6 40. Ne3 Re8+ 41. Kd3 Rd6+ 42. Ke2 Ra6 43. Kf2 Rxe3 44. Kxe3 Rxa3+ 45. Kd4 Ra4+ 46. Ke5 Rxh4 47. f4 Rg4 48. Ne4 Rxg2 49. f5 Rg1 50. Kf6 Rf1 51. Ng3 Rf2 52. Ne4 Rf4 53. Ng3 h4 54. Nh5 Rf1 55. Kg6 h3 56. Nf6+ Kf8 57. Ng4 Rg1 58. Kf6 Rxg4 59. Ke6 h2 60. f6 h1=Q 61. Kd7 Qc6+ 62. Kd8 Rd4# 0-1


[Site "https://www.chess.com"]

[Event "Titled Tuesday Blitz March 22 Late 2022"]
[White "Nenezic, Marko"]
[Black "Spata, German"]
[WhiteFideId "912123"]
[BlackFideId "113026"]
[WhiteElo "2457"]
[BlackElo "2238"]
[Result "0-1"]
[Round "05"]
[TimeControl "180+1"]
[Date "2022.03.22"]
[WhiteClock "0:00:05"]
[BlackClock "0:00:10"]

1. d4 e6 2. c4 Nf6 3. Nc3 d5 4. Bg5 Be7 5. e3 O-O 6. Nf3 c6 7. Qc2 Nbd7 8. Rd1 Re8 9. a3 a6 10. h3 dxc4 11. Bxc4 Nd5 12. Bxe7 Qxe7 13. O-O b6 14. Ba2 Bb7 15. Bb1 g6 16. e4 Nxc3 17. Qxc3 Nf6 18. Qe3 Rac8 19. Rc1 c5 20. dxc5 Rxc5 21. Rxc5 Qxc5 22. Qxc5 bxc5 23. Re1 Rd8 24. Kh2 Kf8 25. g4 Ke7 26. Kg3 Bc6 27. Kf4 h6 28. Ke3 Rb8 29. Re2 Rb3+ 30. Kf4 g5+ 31. Kg3 Nd7 32. Ba2 Rd3 33. Bb1 Rb3 34. Kg2 f6 35. Ba2 Rd3 36. Ne1 Rd1 37. f3 Ne5 38. Kf2 Bb5 39. Rc2 Kd6 40. Bb3 Rb1 41. Ba2 Rd1 42. Bb3 Rb1 43. Rd2+ Ke7 44. Ba2 Ra1 45. Bb3 c4 46. Bd1 Ra2 47. Ke3 Ra1 48. Nc2 Rc1 49. Nd4 Kf7 50. Be2 Rh1 51. Nxb5 axb5 52. Rd6 Rxh3 53. Rb6 Nxg4+ 54. Kd2 Ne5 55. Rxb5 Nxf3+ 56. Bxf3 Rxf3 57. a4 Rf2+ 58. Kc3 g4 59. a5 g3 60. a6 g2 61. a7 g1=Q 62. a8=Q Qe1+ 63. Kd4 Qd2+ 64. Kc5 Qe3+ 65. Kc6 Qxe4+ 0-1


[Site "https://www.chess.com"]

[Event "Titled Tuesday Blitz March 22 Late 2022"]
[White "Oganian, Miran"]
[Black "Jacobson, Brandon"]
[WhiteFideId "4122488"]
[BlackFideId "30901561"]
[WhiteElo "2357"]
[BlackElo "2362"]
[Result "1-0"]
[Round "05"]
[TimeControl "180+1"]
[Date "2022.03.22"]
[WhiteClock "0:00:12"]
[BlackClock "0:00:01"]

1. e4 c5 2. Nf3 d6 3. Bb5+ Bd7 4. Bxd7+ Nxd7 5. O-O Ngf6 6. Qe2 e6 7. b3 g6 8. Bb2 Bg7 9. c4 O-O 10. Nc3 Ng4 11. Rad1 Nge5 12. Nxe5 Nxe5 13. f4 Nc6 14. Kh1 Qd7 15. d3 f5 16. Na4 Bxb2 17. Nxb2 Nd4 18. Qf2 Rf7 19. Rde1 fxe4 20. dxe4 e5 21. Nd3 exf4 22. e5 Raf8 23. Qh4 Qf5 24. Nf2 Qe6 25. Ng4 Nf5 26. Qg5 dxe5 27. Rxe5 Qd6 28. Qxf4 Ng3+ 29. hxg3 Rxf4 30. gxf4 h5 31. Rd5 Qe6 32. Ne5 g5 33. Nf3 gxf4 34. Re1 Qf6 35. Ree5 Rf7 36. Ng5 Re7 37. Rf5 Qa1+ 38. Kh2 Re1 39. Rd8+ Kg7 40. Rf7+ Kg6 41. Rg8+ Kh6 42. Rh7# 1-0


[Site "https://www.chess.com"]

[Event "Titled Tuesday Blitz March 22 Late 2022"]
[White "Olsen, Filip Boe"]
[Black "Demchenko, Anton"]
[WhiteFideId "1440640"]
[BlackFideId "4160258"]
[WhiteElo "2188"]
[BlackElo "2539"]
[Result "0-1"]
[Round "05"]
[TimeControl "180+1"]
[Date "2022.03.22"]
[WhiteClock "0:00:12"]
[BlackClock "0:00:14"]

1. d4 Nf6 2. c4 g6 3. Nc3 Bg7 4. Nf3 O-O 5. g3 d6 6. Bg2 Nbd7 7. O-O e5 8. e4 exd4 9. Nxd4 Nc5 10. h3 Re8 11. Re1 a5 12. Ndb5 Bd7 13. Bf4 Bxb5 14. cxb5 Nfd7 15. Rc1 h5 16. h4 Ne5 17. Bf1 c6 18. Be3 Qe7 19. bxc6 bxc6 20. Bxc5 dxc5 21. Qe2 c4 22. Red1 Rab8 23. Rc2 Nd3 24. Na4 Rb4 25. b3 cxb3 26. axb3 Ne5 27. Nc5 Ng4 28. Bh3 Bd4 29. Bxg4 Bxc5 30. Bd7 Rxe4 31. Qxe4 Qxe4 32. Rxc5 Rd8 33. Rcc1 Kg7 34. Bh3 Rxd1+ 35. Rxd1 Qc2 36. Rd6 Qxb3 37. Rxc6 a4 38. Bf1 a3 39. Bc4 Qb1+ 40. Kh2 a2 41. Bxa2 Qxa2 42. Kg1 Qb1+ 43. Kh2 Qf1 44. Rc2 Qd3 45. Ra2 Kf6 46. Rb2 Qd4 47. Re2 Qc4 48. Re3 Qd5 49. Kg1 Kf5 50. Kf1 Kg4 51. Ke2 Qc4+ 52. Ke1 Kh3 53. Rf3 Kg2 54. Rf4 Qe6+ 55. Kd2 f5 56. Kd1 Kf1 57. Kd2 Qe2+ 58. Kc3 Ke1 59. Kd4 Qe6 60. Kc5 Ke2 61. Kd4 Qd6+ 62. Kc4 Kf1 63. Kc3 Ke2 64. Kc4 Qd3+ 65. Kc5 Qd2 66. Kc6 Qxf4 67. gxf4 Kxf2 68. Kd6 Kg3 69. Ke5 Kxh4 70. Kf6 Kg4 71. Kxg6 h4 72. Kf6 h3 0-1


[Site "https://www.chess.com"]

[Event "Titled Tuesday Blitz March 22 Late 2022"]
[White "Oro, Luis"]
[Black "Ardila, Oscar Humberto"]
[WhiteFideId "104094"]
[BlackFideId "4404742"]
[WhiteElo "2312"]
[BlackElo "1966"]
[Result "1-0"]
[Round "05"]
[TimeControl "180+1"]
[Date "2022.03.22"]
[WhiteClock "0:00:15"]
[BlackClock "0:00:07"]

1. e4 e5 2. Nf3 Nf6 3. Nxe5 d6 4. Nf3 Nxe4 5. Nc3 Nf6 6. Be2 Be7 7. O-O O-O 8. d4 Nbd7 9. Re1 Re8 10. Bg5 Nf8 11. Bd3 Ne6 12. Be3 c6 13. h3 Bd7 14. Qd2 Nf8 15. Rad1 Ng6 16. Ne2 Nd5 17. Bg5 Bxg5 18. Nxg5 Qf6 19. Ne4 Qe7 20. N2g3 Rad8 21. c4 Nf6 22. Qb4 Bc8 23. c5 Nxe4 24. Nxe4 dxc5 25. dxc5 Qc7 26. Nd6 Rxe1+ 27. Rxe1 b6 28. Bxg6 hxg6 29. cxb6 axb6 30. Nxc8 Rxc8 31. Re7 Qd8 32. Qe4 Qd1+ 33. Kh2 Qd6+ 34. g3 Kf8 35. Rb7 Re8 36. Qf3 f5 37. Rxb6 Re4 38. Kg2 Kg8 39. Rb3 Qe5 40. Rc3 c5 41. Qd3 Kh7 42. Qf3 Re2 43. a4 Rxb2 44. a5 Ra2 45. Re3 Qd4 46. h4 Rxa5 47. h5 Qf6 48. hxg6+ Qxg6 49. Re5 Ra2 50. Rxf5 c4 51. Rh5+ Kg8 52. Qd5+ Qf7 53. Rh8+ Kxh8 54. Qxf7 c3 55. Qxa2 1-0


[Site "https://www.chess.com"]

[Event "Titled Tuesday Blitz March 22 Late 2022"]
[White "Ottosen, David"]
[Black "Burke, Paul"]
[WhiteFideId "2603080"]
[BlackFideId "2605767"]
[WhiteElo "2114"]
[BlackElo "1914"]
[Result "0-1"]
[Round "05"]
[TimeControl "180+1"]
[Date "2022.03.22"]
[WhiteClock "0:01:15"]
[BlackClock "0:00:49"]

1. e4 e5 2. Nf3 Nc6 3. d4 exd4 4. c3 d5 5. exd5 Qxd5 6. cxd4 Nf6 7. Nc3 Bb4 8. Bd2 Qh5 9. Be2 Bg4 10. O-O O-O-O 11. a3 Bd6 12. h3 Rhe8 13. Be3 Bxh3 14. gxh3 Qxh3 15. Re1 Ng4 16. Bb5 Bh2+ 17. Nxh2 Nxh2 18. Bxc6 bxc6 19. f3 Qg3+ 20. Kh1 Nxf3 21. Qe2 Qh3+ 0-1


[Site "https://www.chess.com"]

[Event "Titled Tuesday Blitz March 22 Late 2022"]
[White "Ozates, Tuna"]
[Black "Gulecyuz, Deniz"]
[WhiteFideId "6354521"]
[BlackFideId "30921341"]
[WhiteElo "1887"]
[BlackElo "1923"]
[Result "1-0"]
[Round "05"]
[TimeControl "180+1"]
[Date "2022.03.22"]
[WhiteClock "0:00:02"]
[BlackClock "0:00:03"]

1. e4 c5 2. Nf3 Nc6 3. Bb5 g6 4. Bxc6 dxc6 5. d3 Bg7 6. h3 e5 7. Be3 b6 8. a3 f6 9. b4 cxb4 10. axb4 Nh6 11. d4 Nf7 12. d5 f5 13. c4 fxe4 14. Ng1 cxd5 15. cxd5 O-O 16. Ne2 Nd6 17. O-O a5 18. Nbc3 Bb7 19. bxa5 bxa5 20. Qa4 Kh8 21. Rfd1 Ba6 22. Ng3 Bd3 23. Ncxe4 Bxe4 24. Nxe4 Nf5 25. Bc5 Rf7 26. Ra3 Nd4 27. Bxd4 exd4 28. Rxd4 Qh4 29. d6 Raf8 30. d7 Rxf2 31. Rg3 Qf4 32. Rf3 Qc1+ 33. Kxf2 1-0


[Site "https://www.chess.com"]

[Event "Titled Tuesday Blitz March 22 Late 2022"]
[White "Papp, Levente"]
[Black "Moussard, Jules"]
[WhiteFideId "751243"]
[BlackFideId "642908"]
[WhiteElo "2308"]
[BlackElo "2557"]
[Result "0-1"]
[Round "05"]
[TimeControl "180+1"]
[Date "2022.03.22"]
[WhiteClock "0:00:03"]
[BlackClock "0:00:05"]

1. c4 e6 2. Nf3 Ne7 3. e4 g6 4. d4 Bg7 5. g3 O-O 6. Bg2 f5 7. e5 b6 8. Nc3 Bb7 9. d5 a5 10. O-O Na6 11. Be3 h6 12. d6 cxd6 13. Qxd6 Nc8 14. Qd2 g5 15. Rfd1 Bc6 16. h4 f4 17. gxf4 gxf4 18. Bxf4 Qe8 19. Qe3 Qf7 20. Ne2 Ne7 21. Nfd4 Bxg2 22. Kxg2 Ng6 23. Bg3 d6 24. exd6 e5 25. Nb5 Qxc4 26. Qb3 Qxb3 27. axb3 Nc5 28. Ra3 Rad8 29. h5 Nf4+ 30. Bxf4 exf4 31. Kf3 Bxb2 32. Ra2 Bg7 33. Ned4 Rfe8 34. Nf5 Bf8 35. Rg1+ Kf7 36. Rd2 Nxb3 37. Rd5 Nc5 38. Rg6 Re6 39. Rxe6 Kxe6 40. Nc7+ Kd7 41. Kxf4 a4 42. Rd1 a3 43. Nd5 a2 44. Nxb6+ Kc6 45. Nc4 Nb3 46. Na5+ Nxa5 47. Ra1 Bxd6+ 48. Nxd6 Rxd6 49. Rxa2 Nb7 50. Ra6+ Kd7 51. Ra7 Rb6 52. Kf5 Ke7 53. f4 Kf7 54. Ra8 Rb5+ 55. Kg4 Nd6 56. Ra7+ Kf6 57. Ra6 Rd5 58. Ra7 Nf5 59. Ra6+ Rd6 60. Ra8 Ne3+ 61. Kf3 Nf5 62. Rf8+ Ke6 63. Kg4 Ne3+ 64. Kf3 Nf5 65. Kg4 Ne7 66. Rh8 Kf7 67. Rh7+ Kf8 68. Rh8+ Ng8 69. Rh7 Nf6+ 0-1


[Site "https://www.chess.com"]

[Event "Titled Tuesday Blitz March 22 Late 2022"]
[White "Paravyan, David"]
[Black "Bluebaum, Matthias"]
[WhiteFideId "4194985"]
[BlackFideId "24651516"]
[WhiteElo "2569"]
[BlackElo "2550"]
[Result "1-0"]
[Round "05"]
[TimeControl "180+1"]
[Date "2022.03.22"]
[WhiteClock "0:00:13"]
[BlackClock "0:00:06"]

1. e4 c6 2. d4 d5 3. e5 Bf5 4. Nf3 e6 5. Be2 c5 6. Be3 Qb6 7. O-O Nc6 8. Nc3 Qxb2 9. Qe1 cxd4 10. Bxd4 Nxd4 11. Nxd4 Bb4 12. Rb1 Bxc3 13. Rxb2 Bxe1 14. Rxe1 b6 15. Rb3 Ne7 16. Bb5+ Kf8 17. Rc3 Rc8 18. Rxc8+ Nxc8 19. Nxf5 exf5 20. Rd1 Ke7 21. Rxd5 Rd8 22. c4 f4 23. g3 f3 24. Bc6 h6 25. Rxd8 Kxd8 26. Bxf3 f6 27. exf6 gxf6 28. Kg2 Ne7 29. Kh3 Ke8 30. Kg4 Kf7 31. Be4 Nc8 32. Bd5+ Kg6 33. Be4+ Kf7 34. h4 Nd6 35. Bd5+ Kg6 36. Kf4 Kg7 37. Be6 Kf8 38. Ke3 Ke7 39. Bd5 Nf5+ 40. Ke4 Nd6+ 41. Kf4 Kf8 42. g4 Ke7 43. Ke3 Kf8 44. Kd4 Ke7 45. f3 Kd7 46. c5 Nb5+ 47. Kc4 Nc7 48. cxb6 axb6 49. Kd4 Nb5+ 50. Kd3 Kd6 51. Bc4 Nc7 52. Kd4 Ne8 53. Ke4 Kc5 54. Bb3 Nd6+ 55. Ke3 b5 56. f4 b4 57. g5 fxg5 58. fxg5 hxg5 59. hxg5 Nf5+ 60. Ke4 Nh4 61. Ke5 Kc6 62. Kf6 Ng2 63. g6 Nf4 64. g7 Nh5+ 65. Kf7 Nxg7 66. Kxg7 1-0


[Site "https://www.chess.com"]

[Event "Titled Tuesday Blitz March 22 Late 2022"]
[White "Paszewski, Mateusz"]
[Black "Tari, Aryan"]
[WhiteFideId "1141058"]
[BlackFideId "1510045"]
[WhiteElo "2102"]
[BlackElo "2567"]
[Result "0-1"]
[Round "05"]
[TimeControl "180+1"]
[Date "2022.03.22"]
[WhiteClock "0:00:07"]
[BlackClock "0:00:07"]

1. e4 c6 2. d4 d5 3. e5 Bf5 4. Nf3 e6 5. Be2 Ne7 6. O-O c5 7. c4 Nbc6 8. dxc5 d4 9. Bd3 Bxd3 10. Qxd3 Ng6 11. Qe4 Bxc5 12. h4 h6 13. h5 Nge7 14. Ne1 Nf5 15. Nd3 Bb6 16. Nd2 O-O 17. Nf3 a5 18. Bd2 Qe7 19. b3 Rfd8 20. a3 Rd7 21. b4 axb4 22. axb4 Qf8 23. g4 Ne3 24. fxe3 dxe3 25. Bxe3 Bxe3+ 26. Qxe3 Rad8 27. Nc5 Rc7 28. b5 Nb4 29. Ne4 Nc2 30. Qb6 Rxc4 31. Nf2 Nxa1 32. Rxa1 Rd7 33. Kg2 Qc5 34. Ra8+ Kh7 35. Qxc5 Rxc5 36. g5 Rxb5 37. Ng4 Rb4 38. Kg3 Rd3 39. gxh6 Rbb3 40. Nh2 gxh6 41. Kf4 Rb4+ 42. Kg3 Kg7 43. Ng4 Rbb3 44. Nf6 Rxf3+ 45. Kg2 Rxf6 46. exf6+ Kxf6 47. Rb8 Kg5 48. Rf8 f5 49. Re8 Re3 50. Rg8+ Kxh5 51. Rb8 0-1


[Site "https://www.chess.com"]

[Event "Titled Tuesday Blitz March 22 Late 2022"]
[White "Pesotskiy, Mikhail"]
[Black "Papasimakopoulos, Alexandros"]
[WhiteFideId "34164453"]
[BlackFideId "4244125"]
[WhiteElo "2010"]
[BlackElo "2340"]
[Result "1/2-1/2"]
[Round "05"]
[TimeControl "180+1"]
[Date "2022.03.22"]
[WhiteClock "0:00:24"]
[BlackClock "0:00:50"]

1. d4 e6 2. c4 Nf6 3. Nc3 Bb4 4. Qc2 c5 5. dxc5 Bxc5 6. Nf3 Qb6 7. e3 Be7 8. Be2 d6 9. O-O a6 10. b3 Nbd7 11. Bb2 Qc7 12. Rac1 b6 13. Ne4 Bb7 14. Bd3 Nxe4 15. Bxe4 Bxe4 16. Qxe4 O-O 17. Rfd1 Rfd8 18. Nd4 Rac8 19. Nxe6 fxe6 20. Qxe6+ Kf8 21. Bxg7+ Kxg7 22. Qxe7+ Kg8 23. Rxd6 Qc5 24. Rcd1 Nf8 25. Rxd8 Qxe7 26. Rxc8 Kf7 27. h3 Qa3 28. Rc7+ Kf6 29. Rc6+ Ke7 30. Rc7+ Kf6 31. Rc6+ Ke7 32. Rc7+ Ke6 33. Rc6+ Kf7 34. Rc7+ Kf6 1/2-1/2


[Site "https://www.chess.com"]